 Dungeon Crawl Stone Soup version 0.19.0-18-g426998a (webtiles) character file.

11 Madoushi the Gusty (level 2, 0/20 HPs)
             Began as a Draconian Air Elementalist on Nov 11, 2016.
             Slain by Crazy Yiuf
             ... wielding a +3 quarterstaff of chaos
              (1 damage)
             ... on level 2 of the Dungeon.
             The game lasted 00:07:55 (731 turns).

Madoushi the Gusty (Draconian Air Elementalist)      Turns: 731, Time: 00:07:56

Health: 0/20       AC:  4    Str: 10    XL:     2   Next: 17%
Magic:  5/5        EV: 12    Int: 15    God:
Gold:   48         SH:  0    Dex: 11    Spells: 1 memorised, 4 levels left

rFire  . . .     SeeInvis .     n - +0 dagger
rCold  . . .     Gourm    .     (armour unavailable)
rNeg   . . .     Faith    .     (no shield)
rPois  .         Spirit   .     (helmet restricted)
rElec  .         Reflect  .     (no cloak)
rCorr  .         Harm     .     (no gloves)
MR     .....                    (no boots)
Stlth  ++........               (no amulet)
                                (no ring)
                                (no ring)

@: slowed, drained, very slow
A: unfitting armour, cold-blooded, AC +4
a: no special abilities


You were on level 2 of the Dungeon.
You were not hungry.

You visited 1 branch of the dungeon, and saw 2 of its levels.

You collected 48 gold pieces.

Inventory:

Hand Weapons
 h - a +0 dagger
 l - a cursed -3 club
 n - a +0 dagger (weapon)
Missiles
 e - 23 poisoned needles
 g - 14 arrows
 p - 45 stones (quivered)
Armour
 d - a cursed -2 robe
 i - a +0 robe
 k - a +0 ring mail
Scrolls
 c - a scroll of magic mapping {unknown}
 f - 3 scrolls of remove curse {unknown}
 j - 2 scrolls of enchant armour {unknown}
 q - a scroll of identify {unknown}
Potions
 m - 2 potions of flight {unknown}
 o - a potion of magic {unknown}
 r - a potion of mutation {unknown}
Books
 a - a book of Air

   Spells                             Type                      Level
   a - Shock                          Conjuration/Air              1
   b - Swiftness                      Charms/Air                   2
   c - Repel Missiles                 Charms/Air                   2
   d - Static Discharge               Conjuration/Air              3
   e - Lightning Bolt                 Conjuration/Air              5
Comestibles
 b - 2 bread rations


   Skills:
 + Level 1.8(1.5) Dodging
 + Level 1.8(1.6) Stealth
 + Level 2.1(1.9) Spellcasting
 + Level 1.1(0.8) Conjurations
 + Level 3.4(3.1) Air Magic


You had 4 spell levels left.
You knew the following spells:

 Your Spells              Type           Power        Failure   Level  Hunger
a - Shock                 Conj/Air       #...         12%         1    ##.....


Dungeon Overview and Level Annotations

Branches:
Dungeon (2/15)

Altars:

Annotations:
D:2 Crazy Yiuf


Innate Abilities, Weirdness & Mutations

Your plain brown scales are hard. (AC +4)
You cannot fit into any form of body armour.
You are cold-blooded and may be slowed by cold attacks.


Message History

Crazy Yiuf the Enlightened comes into view.
He is wielding a quarterstaff of chaos.
Crazy Yiuf shouts!
Found a mace.
There is an open door here.
You hit Crazy Yiuf but do no damage. You closely miss Crazy Yiuf.
Crazy Yiuf hits you with a quarterstaff of chaos.
You feel drained.
You hit Crazy Yiuf but do no damage.
Your tail-slap misses Crazy Yiuf.
Crazy Yiuf closely misses you.
You hit Crazy Yiuf.
Crazy Yiuf is lightly wounded.
Crazy Yiuf hits you with a quarterstaff of chaos.
You feel yourself slow down. Crazy Yiuf freezes you.
You hit Crazy Yiuf but do no damage.
Crazy Yiuf is lightly wounded.
Crazy Yiuf laughs, "Fluff foot stair!"
Crazy Yiuf hits you with a quarterstaff of chaos!
* * * LOW HITPOINT WARNING * * *
You die...

#..... #.#### ####.#
#....## #.....###
#b.#...w ####
♣♣####...### #)..#♣♣
♣♣........#
#...g@♣♣♣♣......##.#
#...#♣..♣......###.#
#### ♣♣♣.♣.....# #.#
♣♣♣♣♣##.# #.# #.#
#.# #.# #.# #.# ..#


You could see Crazy Yiuf.

Vanquished Creatures
  A dart slug (D:1)
  A goblin (D:1)
  A hobgoblin (D:1)
  2 bats (D:1)
  A frilled lizard (D:2)
  2 kobolds (D:1)
  2 rats
10 creatures vanquished.

Notes
Turn   | Place    | Note
-------+----------+-------------------------------------------
     0 | D:1      | Madoushi the Draconian Air Elementalist began the quest for the Orb.
     0 | D:1      | Reached XP level 1. HP: 14/14 MP: 3/3
   648 | D:1      | Reached XP level 2. HP: 14/20 MP: 1/5
   720 | D:2      | Found a runed door.
   724 | D:2      | Noticed Crazy Yiuf
   731 | D:2      | HP: 1/20 [Crazy Yiuf/quarterstaff of chaos (8)]
   731 | D:2      | Slain by Crazy Yiuf

Action                   || total
-------------------------++-------
Melee: Dagger            ||    26
       Unarmed           ||     6
       Tailslap          ||     1
 Cast: Shock             ||    10
Armor: Skin              ||    10
Dodge: Dodged            ||    24
